 Dungeon Crawl Stone Soup version 0.27.1 (webtiles) character file.

Game seed: 6024490432051779721

1 promet the Magician (level 1, -1/15 HPs)
             Began as a Djinni Hedge Wizard on Sept 3, 2021.
             Frozen to death by an endoplasm (3 damage)
             ... on level 1 of the Dungeon.
             The game lasted 00:00:48 (74 turns).

promet the Magician (Djinni Hedge Wizard)             Turns: 74, Time: 00:00:48

Health: -1/15      AC:  2    Str:  9    XL:     1   Next: 22%
Gold:   0          EV: 12    Int: 15    God:
                   SH:  0    Dex: 12

rFire    + + .     SeeInvis .   a - +0 dagger
rCold    x . .     Faith    .   (no shield)
rNeg     . . .     Spirit   .   b - +0 robe
rPois    ∞         Reflect  .   c - +0 hat
rElec    .         Harm     .   (no cloak)
rCorr    .         Rampage  .   (no gloves)
Will     .....                  (boots unavailable)
Stlth    ++........             (no amulet)
HPRegen  0.05/turn              (no ring)
MPRegen  0.00/turn              (no ring)

@: flying
A: sickness immunity, fire resistance 2, cold vulnerability 1, float, innate
caster, hp casting, extra vitality 1
a: no special abilities


You were on level 1 of the Dungeon.
You visited 1 branch of the dungeon, and saw 1 of its levels.

Inventory:

Hand Weapons
 a - a +0 dagger (weapon)
Missiles
 d - 22 stones
Armour
 b - a +0 robe (worn)
 c - a +0 hat (worn)


   Skills:
 + Level 2.2 Dodging
 + Level 1.5 Stealth
 + Level 2.4 Spellcasting


You couldn't memorise any spells.
You knew the following spells:

 Your Spells              Type           Power      Damage    Failure   Level
a - Magic Dart            Conj           36%        1d4       8%          1
b - Blink                 Tloc           N/A        N/A       12%         2
c - Call Imp              Summ           9%         N/A       12%         2
d - Slow                  Hex            9%         N/A       12%         2
e - Conjure Flame         Conj/Fire      9%         6-21      22%         3
f - Mephitic Cloud        Conj/Pois/Air  9%         N/A       22%         3
Your spell library was empty.

Dungeon Overview and Level Annotations

Branches:
Dungeon (1/15)

Altars:


Innate Abilities, Weirdness & Mutations

You are immune to sickness and miasma.
You are immune to poison.
Your flesh is very heat resistant. (rF++)
You are vulnerable to cold. (rC-)
You float through the air rather than walking.
You learn spells naturally, not from books.
Your magical power is your life essence.
You have superior vitality. (+4 HP)


Message History

You kill the goblin!
Things that are here:
a +0 dagger; a goblin corpse You see here 22 stones.
d - 22 stones
e - a scroll labelled XEWUKA METARREPH
As you read the scroll labelled XEWUKA METARREPH, it crumbles to dust.
It is a scroll of identify.
You don't have any unidentified items.
A bat comes into view.
An endoplasm comes into view.
The bat misses you. The bat misses you.
You hit the endoplasm.
The endoplasm is lightly wounded.
The bat misses you. The endoplasm freezes you.
You are frozen.
You feel a terrible chill!
You hit the endoplasm.
The endoplasm is moderately wounded.
The bat barely misses you. The endoplasm freezes you.
You are frozen!
You feel a terrible chill!
* * * LOW HITPOINT WARNING * * *
You hit the endoplasm but do no damage.
The endoplasm is moderately wounded.
The bat barely misses you. The endoplasm hits you.
* * * LOW HITPOINT WARNING * * *
You hit the endoplasm but do no damage.
The endoplasm is moderately wounded.
The bat closely misses you. The endoplasm freezes you.
You are frozen.
* * * LOW HITPOINT WARNING * * *
You completely miss the endoplasm.
The endoplasm is moderately wounded.
The bat barely misses you. The bat hits you but does no damage.
The endoplasm freezes you.
You are frozen.
You feel a terrible chill!
You die...

#.####.###.#.. ##. #
#>##..#P. #...
#.##..#P. #...
#.#...#P. #...###
####...#.#P. #....#
##..#..##.#P. #....####
#.........#P.
###....b###.........#P.
#.....@J##..........#P<
#.....###..##.......#P.
#..#....#...#.......#P.
....
#....#..#........#P.
####
###.....##.......#P.
#.......##.......#P.
#.....#####......#P.
####... ........#P.
#.... ###..#..#


You could see an endoplasm and a bat.

Vanquished Creatures
  A goblin (D:1)
1 creature vanquished.

Notes
Turn   | Place    | Note
-------+----------+-------------------------------------------
     0 | D:1      | promet the Djinni Hedge Wizard began the quest for the Orb.
     0 | D:1      | Reached XP level 1. HP: 15/15 MP: 0/0
    74 | D:1      | Frozen to death by an endoplasm

Illustrated notes

Levels and vault maps discovered:
D:1:      eino_arrival_tree_alley, layout_rooms, basic_ecumenical_altar,
          hangedman_decor_push

Action                   || total
-------------------------++-------
Melee: Dagger            ||     5
 Cast: Magic Dart        ||     2
  Use: Scroll            ||     1
Armor: Robe              ||     1
Dodge: Dodged            ||     7
